 Dungeon Crawl Stone Soup version 0.28-a0-863-g8cecda6153 (webtiles) character file.

Game seed: 4594777693963270583

51 BinkBink the Insei (level 3, 0/26 HPs)
             Began as an Octopode Monk on Nov 20, 2021.
             Slain by a kobold (1 damage)
             ... on level 2 of the Dungeon.
             The game lasted 00:01:16 (1011 turns).

BinkBink the Insei (Octopode Monk)                  Turns: 1011, Time: 00:01:19

Health: 0/26       AC:  1    Str: 10    XL:     3   Next: 83%
Magic:  3/3        EV: 14    Int: 12    God:
Gold:   34         SH:  0    Dex: 15    Spells: 2/2 levels left

rFire   . . .      SeeInvis .     - Unarmed
rCold   . . .      Faith    .   (no shield)
rNeg    . . .      Spirit   .   (helmet restricted)
rPois   .          Reflect  .   (no amulet)
rElec   .          Harm     .   (no ring)
rCorr   .          Rampage  .   (no ring)
Will    .....                   (no ring)
Stlth   +++.......              (no ring)
HPRegen 0.08/turn               (no ring)
MPRegen 0.08/turn               (no ring)
                                (no ring)
                                (no ring)

@: slowed, very slow
A: almost no armour, amphibious, 8 rings, camouflage 1, gelatinous body 1,
(nimble swimmer 1), tentacles
a: no special abilities


You were on level 2 of the Dungeon.
You visited 1 branch of the dungeon, and saw 2 of its levels.

You collected 34 gold pieces.

Inventory:

Scrolls
 a - a scroll of immolation {unknown}
 b - 2 scrolls of teleportation {unknown}
 c - 3 scrolls of enchant weapon {unknown}


   Skills:
 + Level 3.2 Fighting
 + Level 3.4 Dodging
 + Level 3.4 Stealth
 + Level 3.7 Unarmed Combat


You had 2 spell levels left.
You didn't know any spells.
Your spell library contained the following spells:

 Spells                   Type           Power      Damage    Failure   Level
 Shock                    Conj/Air       0%         1d3       32%         1
 Swiftness                Air            0%         N/A       69%         3
 Airstrike                Air            0%         N/A       97%         4


Dungeon Overview and Level Annotations

Branches:
Dungeon (2/15)

Altars:

Annotations:
D:2 Natasha


Innate Abilities, Weirdness & Mutations

You cannot wear most types of armour.
You are amphibious.
You can wear up to eight rings at the same time.
Your skin changes colour to match your surroundings (Stealth+).
Your rubbery body absorbs attacks. (AC +1, EV +1)
((You are camouflaged near water. (Stealth+)))
You have tentacles for arms and can constrict up to eight enemies at once.


Message History

Natasha, Servant of Life and Death comes into view.
The helpless bat fails to defend itself.
You bludgeon the bat!
You kill the bat!
No target in view!
No target in view!
A kobold comes into view. It is wielding a +0 dagger.
Found a stone staircase leading up.
The kobold shouts!
Natasha hisses angrily.
Natasha stares at you and mumbles some strange words.
You feel yourself slow down. Natasha claws you!
Natasha stares at you and mumbles some strange words.
You resist with significant effort.
You closely miss Natasha. You grab Natasha.
You constrict Natasha, but do no damage.
The kobold barely misses you. Natasha claws you!
The kobold hits you but does no damage.
You are too injured to fight recklessly!
You are too injured to fight recklessly!
You are too injured to fight recklessly!
You tentacle-slap Natasha but do no damage.
You constrict Natasha. Natasha claws you!
* * * LOW HITPOINT WARNING * * *
The kobold barely misses you.
You tentacle-slap Natasha.
Natasha is heavily wounded.
You constrict Natasha. Natasha claws you.
* * * LOW HITPOINT WARNING * * *
The kobold closely misses you.
A kobold comes into view. It is wielding a +0 dagger.
Natasha barely misses you.
The kobold shouts!
You tentacle-slap Natasha.
Natasha is severely wounded.
You constrict Natasha. The kobold hits you with a +0 dagger.
* * * LOW HITPOINT WARNING * * *
Natasha stares at you and mumbles some strange words.
You resist with significant effort. The kobold hits you with a +0 dagger.
You die...

.##..#.#.####..## ##.
. #..........#...
..####.###...#.###
#.........#.......#
#.........#.....#.###
########..##.#...<..+
#.....#.....#
#..#.†#.K...#
#?.....@h...#
#.#...#.#...#
#.#...#.# ..#
#.#...#.# .#
......#.# # ...#..#.#
....#..#.. .#.....###


You could see Natasha and a kobold.

Vanquished Creatures
  An adder (D:2)
  4 dart slugs (D:1)
  2 endoplasms (D:1)
  2 giant cockroaches (D:1)
  2 goblins (D:2)
  3 hobgoblins (D:1)
  3 jackals (D:1)
  2 quokkas
  3 ball pythons (D:1)
  3 bats
  3 frilled lizards (D:1)
  A kobold (D:2)
  5 rats (D:1)
34 creatures vanquished.

Notes
Turn   | Place    | Note
-------+----------+-------------------------------------------
     0 | D:1      | BinkBink the Octopode Monk began the quest for the Orb.
     0 | D:1      | Reached XP level 1. HP: 16/16 MP: 1/1
    75 | D:1      | Reached XP level 2. HP: 20/21 MP: 2/2
   357 | D:1      | Reached XP level 3. HP: 26/26 MP: 3/3
  1000 | D:2      | Noticed Natasha
  1011 | D:2      | HP: 1/26 [kobold (2)]
  1011 | D:2      | Slain by a kobold

Illustrated notes

Levels and vault maps discovered:
D:1:      dpeg_arrival_pits, layout_basic
D:2:      layout_basic, nicolae_shop_unique_rings, uniq_natasha

Skill      XL: |  1  2 |
---------------+-------+-----
Stealth        | 3 |  3.4
Fighting       | |  3.2
Dodging        | |  3.4
Unarmed Combat | |  3.7

Action                   || total
-------------------------++-------
Melee: Unarmed           ||    68
       Constrict         ||    19
       Tentacles         ||    10
       Punch             ||     1
 Stab: Sleeping          ||    12
Armor: Skin              ||     4
Dodge: Dodged            ||    29

Table legend: (Time is in decaauts)
 A = Elapsed time spent in this place.
 B = Non-inter-level travel time spent in this place.
 C = Inter-level travel time spent in this place.
 D = Time resting spent in this place.
 E = Time spent auto-exploring this place.
 F = Levels seen in this place.
 G = Mean time per level.
                   A        B        C        D        E       F      G
               +--------+--------+--------+--------+--------+-----+--------+
         Total |   1007 |    995 |     12 |      0 |    811 |   2 |  503.5 |
       Dungeon |   1007 |    995 |     12 |      0 |    811 |   2 |  503.5 |
               +--------+--------+--------+--------+--------+-----+--------+

Top non-repeatable levels by time:
     D:1: 686 daAuts
     D:2: 321 daAuts
